 Dungeon Crawl Stone Soup version 0.20-a0-1122-gb7cbeb9 (webtiles) character file.

60457 seren the Warrior (level 14, 0/98 HPs)
             Began as a Gargoyle Fighter on May 9, 2017.
             Was a High Priest of Okawaru.
             Slain by a two-headed ogre
             ... wielding a +0 giant spiked club
              (7 damage)
             ... on level 11 of the Dungeon on May 11, 2017.
             The game lasted 01:47:56 (24238 turns).

seren the Warrior (Gargoyle Fighter)               Turns: 24238, Time: 01:47:57

Health: 0/98       AC: 41    Str: 17    XL:     14   Next: 99%
Magic:  18/20      EV: 12    Int: 13    God:    Okawaru [*****.]
Gold:   1725       SH:  3    Dex: 14    Spells: 11/13 levels left

rFire    + . .     SeeInvis +   a - +7 dire flail "Woppe" {freeze, rC++ Str-3 Dex+2}
rCold    + + +     Gourm    .   (shield currently unavailable)
rNeg     + . .     Faith    .   W - +7 chain mail of the Desert {rPois Stlth+}
rPois    ∞         Spirit   .   u - +2 helmet {SInv}
rElec    +         Reflect  +   O - +1 cloak {+Inv}
rCorr    .         Harm     .   Q - +0 pair of gloves
MR       +....                  h - +2 pair of boots {Fly}
Stlth    +.........             e - +3 amulet of reflection
Regen    0.3/turn               n - ring of protection from fire
MPRegen  0.2/turn               X - ring of Fetef {rC+ Int+2}

@: heroism, flying
A: big wings, negative energy resistance 1, electricity resistance, unbreathing,
petrification resistance, rot immunity, AC +9
a: Stop Flying, Heroism, Finesse, Renounce Religion, Evoke Invisibility


You were on level 11 of the Dungeon.
You worshipped Okawaru.
Okawaru was extremely pleased with you.
You were not hungry.

You visited 4 branches of the dungeon, and saw 20 of its levels.
You also visited: Labyrinth.

You collected 1805 gold pieces.
You spent 80 gold pieces at shops.

Inventory:

Hand Weapons
 a - the +7 dire flail "Woppe" (weapon) {freeze, rC++ Str-3 Dex+2}
   (You found it in a labyrinth)

   It has been specially enchanted to freeze those struck by it, causing extra
   injury to most foes and up to half again as much damage against particularly
   susceptible opponents.
   It can also slow down cold-blooded creatures.
   It affects your strength (-3).
   It affects your dexterity (+2).
   It greatly protects you from cold.
 b - the +10 hand crossbow "Arbiter" {flame, rElec Int+3 Stlth+}
   (Okawaru gifted it to you on level 3 of the Lair of Beasts)

   It causes projectiles fired from it to burn those they strike, causing extra
   injury to most foes and up to half again as much damage against particularly
   susceptible opponents.
   It affects your intelligence (+3).
   It insulates you from electricity.
   It makes you more stealthy.
 l - a +3 morningstar
 s - a +3 flail of holy wrath
Missiles
 N - 156 bolts
 V - a throwing net (quivered)
Armour
 c - a +0 shield
 h - a +2 pair of boots of flying (worn)
 u - a +2 helmet of see invisible (worn)
 O - a +1 cloak of invisibility (worn)
 Q - a +0 pair of gloves (worn)
 W - the +7 chain mail of the Desert (worn) {rPois Stlth+}
   (You found it on level 8 of the Dungeon)

   It protects you from poison.
   It makes you more stealthy.
Jewellery
 e - a +3 amulet of reflection (around neck)
 n - a ring of protection from fire (left hand)
 B - a +3 ring of strength
 F - an uncursed ring of positive energy
 I - an uncursed ring of protection from magic
 X - the ring of Fetef (right hand) {rC+ Int+2}
   (You found it on level 4 of the Lair of Beasts)

   [ring of protection from cold]

   It affects your intelligence (+2).
   It protects you from cold.
Wands
 q - a wand of digging (24/24)
 D - a wand of acid (10/15)
 M - a wand of polymorph (5/24)
 Z - a wand of acid (9/15)
Scrolls
 g - 2 scrolls of vulnerability
 j - 4 scrolls of remove curse
 m - 4 scrolls of fog
 p - a scroll of enchant armour
 r - 5 scrolls of amnesia
 t - 3 scrolls of teleportation
 w - a scroll of enchant weapon
 C - 4 scrolls of immolation
 H - 3 scrolls of fear
 K - 2 scrolls of magic mapping
Potions
 k - 4 potions of heal wounds
 x - a potion of resistance
 z - a potion of berserk rage
 E - 4 potions of agility
 G - 5 potions of magic
 J - a potion of cancellation
 L - 3 potions of haste
 U - 4 potions of ambrosia
 Y - 8 potions of curing
Books
 R - a Young Poisoner's Handbook

   Spells                             Type                      Level
   a - Sting                          Conjuration/Poison           1
   b - Poisonous Vapours              Poison/Air                   2
   c - Mephitic Cloud                 Conjuration/Poison/Air       3
   d - Olgreb's Toxic Radiance        Poison                       4
   e - Venom Bolt                     Conjuration/Poison           5
Miscellaneous
 y - a sack of spiders
 A - a phial of floods
Comestibles
 d - a royal jelly
 f - 9 bread rations
 o - a meat ration
 v - 13 fruits


   Skills:
 + Level 15.2(20.2) Fighting
 + Level 12.8(17.8) Maces & Flails
 - Level 11.0(16.0) Crossbows
 - Level 10.0(15.0) Armour
 - Level 4.0(9.0) Dodging
 - Level 8.2(13.2) Shields
 - Level 8.1 Invocations


You had 11 spell levels left.
You knew the following spells:

 Your Spells              Type           Power        Failure   Level  Hunger
a - Passwall              Tmut/Erth      #.........   97%         2    ###....


Dungeon Overview and Level Annotations

Branches:
Dungeon (12/15)            Temple (1/1) D:6            Lair (6/6) D:10
 Shoals (0/4) Lair:2        Snake (0/4) Lair:3        Slime (0/5) Lair:5
    Orc (1/2) D:11

Altars:
Ashenzari
Cheibriados
Dithmenos
Elyvilon
Fedhas
Gozag
Hepliaklqana
Kikubaaqudgha
Makhleb
Nemelex Xobeh
Okawaru
Qazlal
Ru
Sif Muna
Trog
Uskayaw
Vehumet
Wu Jian
Xom
Yredelemnul
Zin
The Shining One
Jiyva

Shops:
D:9 !:   D:11 }[   Orc:1 =

Annotations:
D:4 grindst0ne's ghost, amateur DsBe
D:8 exclusion: downstairs
Lair:5 1 runed door


Innate Abilities, Weirdness & Mutations

You are resistant to torment.
Your stone body is resilient. (AC +9)
You are immune to poison.
Your large and strong wings let you fly indefinitely.
You resist negative energy. (rN+)
You are resistant to electric shocks. (rElec)
You can survive without breathing.
You are immune to petrification.
You are immune to rotting.


Message History

The ettin hits you with a dire flail.
The ettin hits you with a dire flail of holy wrath!!
The two-headed ogre hits you but does no damage. x2
You hit the ettin. You freeze the ettin.
The ettin is moderately wounded.
You hit the ettin. You freeze the ettin.
The ettin is moderately wounded.
The ettin hits you but does no damage.
The ettin hits you with a dire flail of holy wrath.
The two-headed ogre hits you but does no damage. x2
You bludgeon the ettin!! You freeze the ettin!
The ettin is almost dead.
You hit the ettin but do no damage.
The ettin is almost dead.
The ettin hits you with a dire flail!
The ettin hits you with a dire flail of holy wrath!!
* * * LOW HITPOINT WARNING * * *
The two-headed ogre hits you but does no damage.
The two-headed ogre hits you with a dire flail!
You die...

...#####...#
####.#
...........##
###
............#
.########...#
### ..# ##..##
##.# ..##
#...## ###.##
...##
##...###..##
##..##
#....OC.##
##..# ###..)@##
#..# ##...##
#..#
###..######
#..# #.......#
#..# ##..######
#..# #..##
#..## ##..#
#...## ##..##
##...######...#


You could see an ettin and a two-headed ogre.

Vanquished Creatures
  An ettin (D:12)
  Josephine (Lair:6)
  A fire dragon (Lair:6)
  The ghost of Penishole the Archer, a journeyman CeHu of Okawaru (Lair:2)
  A minotaur (Lab)
  6 hydras
  Erica (Lair:1)
  2 catoblepae
  A two-headed ogre (D:11)
  2 death yaks (Lair:5)
  A necromancer (Lair:4)
  Pikel (D:8)
  2 lindwurms
  The ghost of Mesmaeker13 the Nimble, a novice DEIE of Vehumet (D:7)
  The ghost of ThermosAquaticus the Carver, a novice FoFi (D:5)
  A deep elf mage (D:9)
  An ugly thing (D:11)
  A cyclops (shapeshifter) (D:12)
  A merfolk siren (Lair:2)
  10 black mambas
  5 elephants (Lair:4)
  4 gargoyles (D:7)
  2 molten gargoyles (Lair:6)
  2 torpor snails
  12 spiny frogs
  3 rime drakes
  7 komodo dragons
  3 trolls
  A hornet (D:11)
  21 blink frogs
  2 dream sheep (Lair:2)
  11 hippogriffs
  A spriggan (Lair:5)
  6 wraiths
  43 yaks
  7 wyverns
  3 basilisks
  3 steam dragons (Lair:6)
  2 vampire mosquitoes
  Menkaure (D:5)
  A warg (D:11)
  3 nagas (Lair:3)
  15 water moccasins
  4 hell hounds (Lair:6)
  9 porcupines
  9 orc warriors
  4 sky beasts
  A black bear (D:8)
  7 ice beasts
  3 phantoms
  16 wolves (Lair:3)
  A hornet zombie (D:9)
  3 ogres
  5 centaurs
  14 crocodiles
  16 bullfrogs
  A big kobold (D:9)
  A water moccasin zombie (D:9)
  6 scorpions
  17 killer bees
  7 wights
  2 bullfrog zombies
  5 howler monkeys
  7 crimson imps
  5 lava snakes (Lair:6)
  2 quasits
  2 centaur zombies
  4 centaur skeletons
  3 jellies
  8 hounds
  2 bullfrog skeletons
  6 orc priests
  A gnoll shaman (D:9)
  13 orc wizards
  5 iguanas
  Ijyb (D:3)
  Natasha (twice) (D:3)
  10 worker ants
  5 polar bear simulacra (Lair:4)
  2 yak simulacra (Lair:4)
  2 wolf simulacra (Lair:4)
  A killer bee zombie (D:5)
  A hound zombie (D:7)
  2 hound skeletons (D:8)
  12 gnolls
  15 adders
  2 howler monkey skeletons
  2 shadow imps
  2 oozes
  An adder skeleton (D:4)
  An adder zombie (D:7)
  4 worms
  7 leopard geckos
  50 orcs
  2 ball pythons
  6 giant cockroaches
  9 goblins
  5 hobgoblins
  4 jackals
  9 quokkas
  7 bats
  4 frilled lizards
  A jackal skeleton (D:5)
  A jackal zombie (D:5)
  9 kobolds
  A quokka skeleton (D:9)
  6 rats
  2 river rat simulacra (Lair:4)
  A fungus (Lair:6)
573 creatures vanquished.

Vanquished Creatures (others)
  A two-headed ogre (D:9)
  2 centaurs
  2 slaves (D:9)
  3 orc wizards
  An orc (D:9)
  2 kobolds
  8 fungi
  3 plants
22 creatures vanquished.

Grand Total: 595 creatures vanquished

Notes
Turn   | Place    | Note
-------+----------+-------------------------------------------
     0 | D:1      | seren the Gargoyle Fighter began the quest for the Orb.
     0 | D:1      | Reached XP level 1. HP: 14/14 MP: 1/1
    13 | D:1      | Reached XP level 2. HP: 13/19 MP: 2/2
   390 | D:1      | Reached XP level 3. HP: 22/23 MP: 3/3
   861 | D:2      | Found a stormy altar of Qazlal.
  1312 | D:2      | Found a stormy altar of Qazlal.
  1477 | D:2      | Reached XP level 4. HP: 28/28 MP: 4/4
  1758 | D:3      | Noticed Natasha
  1763 | D:3      | Killed Natasha
  1935 | D:3      | Noticed Ijyb
  1951 | D:3      | Noticed Natasha
  1955 | D:3      | Killed Ijyb
  1955 | D:3      | Reached skill level 5 in Maces & Flails
  1955 | D:3      | Reached XP level 5. HP: 32/32 MP: 5/5
  1975 | D:3      | Killed Natasha
  2081 | D:3      | Found a blossoming altar of Fedhas.
  2344 | D:3      | Found an ancient bone altar of Kikubaaqudgha.
  2720 | D:4      | Noticed grindst0ne's ghost (amateur DsBe)
  2741 | D:4      | Reached XP level 6. HP: 17/37 MP: 6/6
  2953 | D:4      | Noticed a phantom
  2979 | D:4      | Killed a phantom
  3011 | D:4      | Reached XP level 7. HP: 32/41 MP: 7/7
  3876 | D:5      | Entered Level 5 of the Dungeon
  3931 | D:5      | Reached XP level 8. HP: 35/46 MP: 8/8
  4238 | D:5      | Noticed Menkaure
  4248 | D:5      | Killed Menkaure
  4248 | D:5      | Reached skill level 10 in Maces & Flails
  4272 | D:5      | Noticed ThermosAquaticus's ghost (novice FoFi)
  4286 | D:5      | Killed ThermosAquaticus's ghost
  4510 | D:5      | Reached XP level 9. HP: 51/51 MP: 9/9
  4597 | D:5      | Reached skill level 1 in Dodging
  4654 | D:5      | Found an ornate altar of the Wu Jian Council.
  4888 | D:6      | Reached skill level 4 in Fighting
  5293 | D:6      | Reached skill level 5 in Fighting
  5293 | D:6      | Reached skill level 5 in Armour
  5293 | D:6      | Reached skill level 5 in Shields
  5370 | D:6      | Found a staircase to the Ecumenical Temple.
  5374 | Temple   | Entered the Ecumenical Temple
  5424 | Temple   | Became a worshipper of Warmaster Okawaru
  6037 | D:6      | Reached * piety under Okawaru
  6037 | D:6      | Reached skill level 6 in Fighting
  6037 | D:6      | Reached XP level 10. HP: 54/60 MP: 10/10
  6067 | D:7      | Noticed Mesmaeker13's ghost (novice DEIE)
  6182 | D:7      | Killed Mesmaeker13's ghost
  6182 | D:7      | Reached ** piety under Okawaru
  6238 | D:7      | Noticed a gargoyle
  6260 | D:7      | Killed a gargoyle
  6273 | D:7      | Noticed a gargoyle
  6524 | D:7      | Reached skill level 7 in Fighting
  6862 | D:7      | Reached skill level 1 in Invocations
  6881 | D:7      | Killed a gargoyle
  7105 | D:7      | Noticed a gargoyle
  7105 | D:7      | Noticed a gargoyle
  7144 | D:7      | Killed a gargoyle
  7144 | D:7      | Reached skill level 5 in Invocations
  7151 | D:7      | Killed a gargoyle
  7151 | D:7      | Reached *** piety under Okawaru
  7854 | D:8      | Reached XP level 11. HP: 67/67 MP: 15/15
  8053 | D:8      | Found a deep blue altar of Sif Muna.
  8092 | D:8      | Got a jewelled chain mail
  8108 | D:8      | Identified the +7 chain mail of the Desert {rPois Stlth+} (You found it on level 8 of the Dungeon)
  8314 | D:9      | Got a twisted ring mail
  8315 | D:9      | Identified the +3 ring mail of the Sea {rElec rCorr Int-3} (You found it on level 9 of the Dungeon)
  8460 | D:9      | Noticed a two-headed ogre
  8480 | D:8      | Upgraded the game from 0.20-a0-1117-g62da73f to 0.20-a0-1121-gbb42413
  8639 | D:9      | Reached skill level 8 in Fighting
  8705 | D:9      | Reached **** piety under Okawaru
  8767 | D:9      | Found Ullettic's Book Emporium.
  8809 | D:9      | Found a glowing golden altar of the Shining One.
  9012 | D:9      | Reached skill level 1 in Crossbows
  9103 | D:9      | Noticed Pikel
  9140 | D:8      | Killed Pikel
  9156 | D:9      | Killed a two-headed ogre
  9190 | D:9      | Noticed a deep elf mage
  9228 | D:9      | Killed a deep elf mage
  9251 | D:9      | Got a pitted dire flail
  9294 | D:9      | Identified the +1 dire flail "Poyrits" {crush, Dex+5} (You found it on level 9 of the Dungeon)
  9869 | D:9      | Found Usuvirug's Distillery.
  9873 | D:9      | Bought a potion of degeneration for 16 gold pieces
  9873 | D:9      | Bought a potion of agility for 64 gold pieces
 10230 | D:10     | Entered Level 10 of the Dungeon
 10489 | D:10     | Found a staircase to the Lair.
 10586 | Lair:1   | Entered Level 1 of the Lair of Beasts
 10655 | Lair:1   | Noticed Erica
 10673 | Lair:1   | Killed Erica
 10673 | Lair:1   | Received a gift from Okawaru
 10824 | Lair:1   | Reached skill level 5 in Crossbows
 10852 | Lair:1   | Noticed a four-headed hydra
 10869 | Lair:1   | Killed a four-headed hydra
 10869 | Lair:1   | Reached XP level 12. HP: 54/73 MP: 14/16
 11023 | Lair:1   | Found a labyrinth entrance.
 11034 | Lab      | Entered a labyrinth
 14220 | Lab      | Noticed a minotaur
 14228 | Lab      | Killed a minotaur
 14232 | Lab      | Identified the Disquisition on Dusty Cold
 14234 | Lab      | Got a brightly glowing dire flail
 14252 | Lab      | Identified the +7 dire flail "Woppe" {freeze, rC++ Str-3 Dex+2} (You found it in a labyrinth)
 14827 | Lair:2   | Found a staircase to the Shoals.
 14891 | Lair:2   | Noticed Penishole's ghost (journeyman CeHu)
 14912 | Lair:2   | Killed Penishole's ghost
 15102 | Lair:2   | Reached ***** piety under Okawaru
 15361 | Lair:2   | Reached skill level 9 in Fighting
 15842 | Lair:3   | Noticed a seven-headed hydra
 15853 | Lair:3   | Killed a seven-headed hydra
 15931 | Lair:3   | Received a gift from Okawaru
 16074 | Lair:3   | Noticed a catoblepas
 16085 | Lair:3   | Killed a catoblepas
 16264 | Lair:3   | Reached skill level 10 in Armour
 16360 | Lair:3   | Reached skill level 10 in Fighting
 16427 | Lair:3   | Found a staircase to the Snake Pit.
 16465 | Lair:3   | Reached XP level 13. HP: 80/83 MP: 17/17
 16483 | Lair:3   | Reached skill level 11 in Fighting
 16554 | Lair:3   | Received a gift from Okawaru
 16555 | Lair:3   | Got a crude hand crossbow {god gift}
 16556 | Lair:3   | Identified the +10 hand crossbow "Arbiter" {flame, rElec Int+3 Stlth+} (Okawaru gifted it to you on level 3 of the Lair of Beasts)
 17356 | Lair:4   | Got a wavering tin ring
 17360 | Lair:4   | Identified the ring of Fetef {rC+ Int+2} (You found it on level 4 of the Lair of Beasts)
 17379 | Lair:4   | Upgraded the game from 0.20-a0-1121-gbb42413 to 0.20-a0-1122-gb7cbeb9
 17913 | Lair:1   | Learned a level 2 spell: Passwall
 18639 | Lair:5   | Received a gift from Okawaru
 18870 | Lair:5   | Reached skill level 10 in Crossbows
 18891 | Lair:5   | Received a gift from Okawaru
 19009 | Lair:5   | Found a runed door.
 19009 | Lair:5   | Found a viscous altar of Jiyva.
 19009 | Lair:5   | Found a staircase to the Slime Pits.
 19111 | Lair:5   | Received a gift from Okawaru
 19304 | Lair:5   | Received a gift from Okawaru
 19461 | Lair:5   | Reached ****** piety under Okawaru
 19472 | Lair:5   | Received a gift from Okawaru
 19483 | Lair:5   | Got a shimmering chain mail {god gift}
 19494 | Lair:5   | Identified the +1 chain mail "Yzxaips" {rElec rPois Int-2 Dex-3} (Okawaru gifted it to you on level 5 of the Lair of Beasts)
 19972 | Lair:6   | Entered Level 6 of the Lair of Beasts
 20023 | Lair:5   | Gained mutation: Your large and strong wings let you fly indefinitely. [Gargoyle growth]
 20023 | Lair:5   | Reached XP level 14. HP: 30/91 MP: 11/19
 20211 | Lair:6   | Reached skill level 12 in Fighting
 20527 | Lair:6   | Noticed Josephine
 20541 | Lair:6   | Killed Josephine
 20562 | Lair:6   | Reached skill level 13 in Fighting
 21076 | Lair:6   | Found a large runed door.
 21085 | Lair:6   | Found a large runed door.
 21242 | Lair:6   | Reached skill level 14 in Fighting
 21270 | Lair:6   | Received a gift from Okawaru
 22672 | D:11     | Found Loodibae's Armour Shop.
 22690 | D:11     | Found a staircase to the Orcish Mines.
 22923 | D:11     | Found Ugyeruz's Gadget Emporium.
 23754 | Orc:1    | Entered Level 1 of the Orcish Mines
 23785 | Orc:1    | Found Zaugipni's Jewellery Emporium.
 23829 | Orc:1    | Noticed an orc warlord
 23917 | D:12     | Reached skill level 15 in Fighting
 24238 | D:11     | Slain by a two-headed ogre

Vault maps used:
D:1:      dpeg_arrival_houses_and_road, serial_forest,
          infiniplex_forest_straight_5, infiniplex_forest_fountain,
          infiniplex_forest_corner_1, infiniplex_forest_clump_large,
          infiniplex_forest_straight_2, infiniplex_forest_end_3,
          infiniplex_forest_side_room, infiniplex_forest_straight_4,
          infiniplex_forest_end_3, infiniplex_forest_corner_1
D:2:      nicolae_overflow_hidden_temple, nicolae_qazlal_eye_of_the_storm
D:3:      lemuel_round_altar, first_bread, fedhas_altar_1, uniq_natasha,
          uniq_ijyb
D:4:      cheibrodos_sewer_entry_bend
D:5:      kennysheep_mini_moat, st_stairs_1, uniq_menkaure
D:6:      minmay_temple_entry_grid
D:7:      cheibrodos_statue_roulette
D:8:      nicolae_overflow_crystal_walls, kennysheep_generic_room_7
D:9:      hangedman_cross_cluster, old_standard_altar, serial_shops, shop, shop,
          uniq_pikel
D:10:     lair_entry_dummy, minmay_hedge_maze
D:11:     orc_david_3, serial_shops, shop_statue
D:12:     hangedman_little_slice_of_home, minmay_the_grid_square_5x5_5x5_mashed
Temple:   minmay_crystal_spiral_temple
Lair:1:   lab_entry_generic, uniq_erica
Lair:2:   minmay_shoals_entry_lonely_mermaid
Lair:3:   guppyfry_snake_entry_garden, st_stairs_12, bh_chokoban,
          beast_lair_carwin_2
Lair:4:   eino_house_with_fridge
Lair:5:   slime_altar_2, grunt_forest_large_clearing_hut
Lair:6:   cheibrodos_lair_end_hotspot, patterned_corridor, uniq_josephine
Orc:1:    serial_shops, shop_fountains, shop

Skill      XL: |  1  2  3  4  5  6  7  8  9 10 11 12 13 14 |
---------------+-------------------------------------------+-----
Maces & Flails | 3 4 5 6 7 9 11 12 | 12.8
Dodging        | 1 4 |  4.0
Fighting       | 6 7 8 10 11 15 | 15.2
Armour         | 6 7 8 10 | 10.0
Shields        | 6 7 8 |  8.2
Invocations    | 6 7 8 |  8.1
Crossbows      | 6 11 | 11.0

Action                   |  1- 3 |  4- 6 |  7- 9 | 10-12 | 13-15 || total
-------------------------+-------+-------+-------+-------+-------++-------
Melee: Flail             |   123 |   106 |   384 |   407 |       ||  1020
       Unarmed           |       |    15 |       |       |       ||    15
       Whip              |       |       |       |   309 |       ||   309
       Dire flail        |       |       |       |   209 |   793 ||  1002
 Fire: Hunting sling     |     1 |    85 |    31 |    11 |       ||   128
       Hand crossbow     |       |       |       |     5 |   130 ||   135
Invok: Heroism           |       |       |       |    14 |    18 ||    32
       Finesse           |       |       |       |       |     2 ||     2
  Use: Scroll            |       |     9 |     4 |    11 |     7 ||    31
       Potion            |       |       |     2 |     3 |     1 ||     6
 Stab: Invisible         |       |       |       |     1 |       ||     1
       Distracted        |       |       |       |       |     1 ||     1
  Eat: Chunk             |     2 |     5 |    10 |    23 |    24 ||    64
       Fruit             |       |       |       |     2 |     1 ||     3
       Bread ration      |       |       |       |     2 |       ||     2
Armor: Scale mail        |    50 |    49 |   158 |    93 |       ||   350
       Skin              |       |     4 |       |       |       ||     4
       Chain mail        |       |       |       |   281 |   478 ||   759
Dodge: Dodged            |    23 |    38 |    67 |   202 |   351 ||   681
Block: Shield            |    87 |    92 |   214 |   432 |       ||   825
       Reflection        |     5 |     1 |    12 |     8 |     1 ||    27
       Other             |       |       |       |    16 |    75 ||    91
